Workbook
Name _GoBack: 'Introduction to the research'!$A$6

Sheet Introduction to the research
A1: Consumers engagement in knowledge sharing with business organizations (enterprises) and public organizations (i.e. schools, public administration)
A2: Dr Roisin Mullins and Dr Sandra Dettmer
A3: (this file shouldn't be used and copied without authors' permission. Contact to the authors: r.mullins@uwtsd.ac.uk)
A5: Knowledge is a strategic advantage which helps business and public organizations sustain as well as maintain their market competitiveness . Moreover, customer knowledge becomes an essential intangible asset for every line of business and public adminitration , leads to better response and respect toward customers, makes a contribution towards new and innovative products, contributes to the improvement of business value, and enhances the competitiveness of businesses. Consumers who share their knowledge with enterprises with the aim of creating values and benefits for enterprises and their own consumption are known as “prosumers,” whereas the process in which they share knowledge with enterprises is consistent with the notion of “prosumption” (for more detailed information read: ). In general, prosumption refers to situations in which prosumers share knowledge not only with enterprises, but also with other prosumers to produce things of value for enterprises, and also for themselves. They can share knowledge voluntary and do not expect any tangible benefits. Other times they share knowledge under the condition of obtaining certain benefits in return, such as rewards or fulfilling personal goals. To share their knowledge individuals use ICT. For more information you may read: 1) Investigating incentives that encouraged and can encourage Polish and UK-based prosumers to engage in knowledge sharing: www.iiakm.org/ojakm/articles/2017/volume5_1/OJAKM_Volume5_1pp72-100.pdf; 2) Identifying more about customers: the phenomenon of the switch to the knowledge exchange: www.iiakm.org/ojakm/articles/2016/volume4_1/OJAKM_Volume4_1pp165-179.pdf 3) Information and Communication Technologies for Supporting Prosumers Knowledge Sharing – Evidence from Poland and United Kingdom: https://fedcsis.org/proceedings/2016/drp/285.html 4) Tapscott, Williams, Wikinomics, 2008; 5) Toffler, The third wave, 1980
A6: Practical cases of the prosumption:
A7: https://www.shoesofprey.com/
A8: https://www.lego.com/en-gb/friends/explore/friends-designer?ignorereferer=true
A10: The research puropses are:
A11: a) the identification of business and public organisations which are promoting prosumptions projects and thus engaging prosumers to knowledge sharing;
A12: b) the identification of products and services in creation of which prosumers knowledge is use;
A13: c) the identification of business processes in which prosumers share their knowledge to create a new or to improve an existing product or service;
A14: d) the identification of the ways which prosumers may use to share their knowledge;
... A16: f) the identification of information and communication technologies (ICT) which serve as a tool to knowledge sharing

Sheet BP - model
B1: The model of business processes
B3: Business process | C3: Possibilities of prosumers' participation
B4: 2.0 Develop and Manage Products and Services | C4: • products’ designing (colors, shape or design of product); • materials requirement (with what kind of materials the product should be done); • graphic elements (e.g. logo or package); • improving functionality of product; • improving reliability and durability of product; • improving ease of product use; • improving efficiency of product; • improving ICT made available to consumers
B6: 3.0 Market and Sell Products and Services | C6: • creating advertising spots or taking part in marketing campaigns; • influencing products’ prices; • influencing promotions, discounts or loan programs; • influencing product availability and new distribution channels
B7: 4.0 Deliver Products and Services | C7: • improving ordering process • establishing new ways of ordering products and their delivery
B8: 5.0 Manage Customer Service | C8: • improving quality and lead time of customer service • improving handling complaints and warranty services • defining success factors of effective and professional customer service

Sheet Business processes
A1: Business processes in which prosumers share their knowledge to create a new or to improve an existing product or service
A3: Empty cells should be filled in by the URL addresses (i.e. https://www.shoesofprey.com/) of the web pages on which it was possible to observe prosumers activities connected with their ideas or knowledge. Subsequently these URLs will be use to verify the realibilty of gathered data.
A4: The name of the company and name of the product (B and C columns) you should type just once in this sheet. It should be copied to the others sheet automatically.
A6: No. | B6: Company name | C6: Number of Employees | D6: Business Sector | E6: Evidence of Sustainability focus (Yes/No) | F6: If Sustainability - where is the evidence ? State words and expressions used | G6: If Sustainability - where is the evidence - state the web site | H6: Short description of observed prosumers activity | I6: Products’ or its parts designing | J6: Ideas or suggestions relating to materials used in the production process (with what kind of material the product/part of the product should be done) | K6: Ideas or suggestions relating to products' look and their packaging | L6: Ideas or suggestions relating to products' functionality | M6: Ideas or suggestions relating to products' reliability | N6: Ideas or suggestions relating to convenience usage of products | O6: Ideas or suggestions relating to products' efficiency | P6: Ideas or suggestions relating to advertising spots and marketing campaigns | Q6: Ideas or suggestions relating to products' prices, discounts and promotions | R6: Ideas or suggestions relating to loan programs | S6: Ideas or suggestions relating to the ways of products delivery | T6: Ideas or suggestions relating to the ordering processes | U6: Ideas or suggestions relating to the handling of consumers' complaints and warranty services | V6: Ideas or suggestions relating to the quality and lead time of customer service | W6: Other | X6: SUM
A7: 1 | B7: https://www.pukkaherbs.com/ | H7: https://www.pukkaherbs.com/your-wellbeing/stories/people/partners/bizgive/ | W7: Use the website to suggest via voting on how to donate to community projects. | X7: =COUNTA(I7:W7) -> 1
A8: 2 | B8: www.Dell.com | H8: http://www.ideastorm.com/ | I8: Yes | J8: Yes | K8: Yes | L8: Yes | M8: Yes | N8: Yes | O8: Yes | P8: Yes | Q8: Yes | T8: Yes | U8: Yes | V8: Yes | W8: Web site encourages suggestions from consumers, and upload articles to vote on, and create time limited sessions for consumers to discuss an issue | X8: =COUNTA(I8:W8) -> 13
A9: 3 | X9: =COUNTA(I9:W9) -> 0
A10: 4 | X10: =COUNTA(I10:W10) -> 0
A11: 5 | X11: =COUNTA(I11:W11) -> 0
A12: 6 | X12: =COUNTA(I12:W12) -> 0
A13: 7 | X13: =COUNTA(I13:W13) -> 0
A14: 8 | X14: =COUNTA(I14:W14) -> 0
A15: 9 | X15: =COUNTA(J15:W15) -> 0
A16: 10 | X16: =COUNTA(K16:W16) -> 0

Sheet Ways of knowledge sharing
A1: The ways of prosumers knowledge sharing with companies
A3: Empty cells should be filled in by the URL addresses (i.e. https://www.shoesofprey.com/) of the web pages on which it was possible to observe prosumers activities connected with their ideas or knowledge. Subsequently these URLs will be use to verify the realibilty of gathered data. Grey cells (B and C columns) are fulling in automatically.
A5: No. | B5: Company name | C5: Short description of observed prosumers activity | D5: Evaluating products by scoring | E5: Evaluating products by comments | F5: Evaluating product in practice by its testing | G5: Creating and designing products or their parts | H5: Other | I5: SUM
A6: 1 | B6: ='Business processes'!B7 -> https://www.pukkaherbs.com/ | C6: ='Business processes'!H7 -> https://www.pukkaherbs.com/your-wellbeing/stories/people/partners/bizgive/ | E6: Yes | F6: Yes | I6: =COUNTA(D6:H6) -> 2
A7: 2 | B7: ='Business processes'!B8 -> www.Dell.com | C7: ='Business processes'!H8 -> http://www.ideastorm.com/ | E7: Yes | G7: Yes | H7: Voting | I7: =COUNTA(D7:H7) -> 3
A8: 3 | B8: ='Business processes'!B9 -> 0 | C8: ='Business processes'!H9 -> 0 | I8: =COUNTA(D8:H8) -> 0
A9: 4 | B9: ='Business processes'!B10 -> 0 | C9: ='Business processes'!H10 -> 0 | I9: =COUNTA(D9:H9) -> 0
A10: 5 | B10: ='Business processes'!B11 -> 0 | C10: ='Business processes'!H11 -> 0 | I10: =COUNTA(D10:H10) -> 0
A11: 6 | B11: ='Business processes'!B12 -> 0 | C11: ='Business processes'!H12 -> 0 | I11: =COUNTA(D11:H11) -> 0
A12: 7 | B12: ='Business processes'!B13 -> 0 | C12: ='Business processes'!H13 -> 0 | I12: =COUNTA(D12:H12) -> 0
A13: 8 | B13: ='Business processes'!B14 -> 0 | C13: ='Business processes'!H14 -> 0 | I13: =COUNTA(D13:H13) -> 0
A14: 9 | B14: ='Business processes'!B15 -> 0 | C14: ='Business processes'!H15 -> 0 | I14: =COUNTA(D14:H14) -> 0
A15: 10 | B15: ='Business processes'!B16 -> 0 | C15: ='Business processes'!H16 -> 0 | I15: =COUNTA(D15:H15) -> 0

Sheet Incentives
A1: Incentives which enterprises use to encourage prosumers to knowledge sharing
A3: Empty cells should be filled in by the URL addresses (i.e. https://www.shoesofprey.com/) of the web pages on which it was possible to observe prosumers activities connected with their ideas or knowledge. Subsequently these URLs will be use to verify the realibilty of gathered data. Grey cells (B and C columns) are fulling in automatically.
A5: No. | B5: Company name | C5: Short description of observed prosumers activity | D5: Material rewards (e.g free gifts, souvenirs) | E5: Monetary compensation | F5: Testing of prototypes | G5: Free samples of products | H5: Bonus points with financial value | I5: Personal benefits (e.g. enhancing the expertise, status or recognition; being a part of the community; pride of excellence; need to learn more) | J5: Other | K5: SUM
A6: 1 | B6: ='Business processes'!B7 -> https://www.pukkaherbs.com/ | C6: ='Business processes'!H7 -> https://www.pukkaherbs.com/your-wellbeing/stories/people/partners/bizgive/ | D6: Yes | I6: Yes | J6: Competitions | K6: =COUNTA(D6:J6) -> 3
A7: 2 | B7: ='Business processes'!B8 -> www.Dell.com | C7: ='Business processes'!H8 -> http://www.ideastorm.com/ | J7: Dell Community Rockstar | K7: =COUNTA(D7:J7) -> 1
A8: 3 | B8: ='Business processes'!B9 -> 0 | C8: ='Business processes'!H9 -> 0 | K8: =COUNTA(D8:J8) -> 0
A9: 4 | B9: ='Business processes'!B10 -> 0 | C9: ='Business processes'!H10 -> 0 | K9: =COUNTA(D9:J9) -> 0
A10: 5 | B10: ='Business processes'!B11 -> 0 | C10: ='Business processes'!H11 -> 0 | K10: =COUNTA(D10:J10) -> 0
A11: 6 | B11: ='Business processes'!B12 -> 0 | C11: ='Business processes'!H12 -> 0 | K11: =COUNTA(D11:J11) -> 0
A12: 7 | B12: ='Business processes'!B13 -> 0 | C12: ='Business processes'!H13 -> 0 | K12: =COUNTA(D12:J12) -> 0
A13: 8 | B13: ='Business processes'!B14 -> 0 | C13: ='Business processes'!H14 -> 0 | K13: =COUNTA(D13:J13) -> 0
A14: 9 | B14: ='Business processes'!B15 -> 0 | C14: ='Business processes'!H15 -> 0 | K14: =COUNTA(D14:J14) -> 0
A15: 10 | B15: ='Business processes'!B16 -> 0 | C15: ='Business processes'!H16 -> 0 | K15: =COUNTA(D15:J15) -> 0

Sheet ICT
A1: Information and communication technologies (ICT) which serve as a tool to knowledge sharing
A3: Empty cells should be filled in by the URL addresses (i.e. https://www.shoesofprey.com/) of the web pages on which it was possible to observe prosumers activities connected with their ideas or knowledge. Subsequently these URLs will be use to verify the realibilty of gathered data. Grey cells (B and C columns) are fulling in automatically.
A5: No. | B5: Company name | C5: Short description of observed prosumers activity | D5: E-mails | E5: Internet forums | F5: Own organizations' websites | G5: Specialized organizations' websites | H5: Popular information websites | I5: Industry specialized portals | J5: Mobile applications | K5: Facebook fanpages | L5: Online surveys | M5: Other | N5: SUM
A6: 1 | B6: ='Business processes'!B7 -> https://www.pukkaherbs.com/ | C6: ='Business processes'!H7 -> https://www.pukkaherbs.com/your-wellbeing/stories/people/partners/bizgive/ | D6: Yes | F6: Yes | J6: Yes | K6: Yes | M6: Twitter, Blog, Google | N6: =COUNTA(D6:M6) -> 5
A7: 2 | B7: ='Business processes'!B8 -> www.Dell.com | C7: ='Business processes'!H8 -> http://www.ideastorm.com/ | D7: Yes | E7: Yes | F7: Yes | G7: Yes | J7: Yes | K7: Yes | N7: =COUNTA(D7:M7) -> 6
A8: 3 | B8: ='Business processes'!B9 -> 0 | C8: ='Business processes'!H9 -> 0 | N8: =COUNTA(D8:M8) -> 0
A9: 4 | B9: ='Business processes'!B10 -> 0 | C9: ='Business processes'!H10 -> 0 | N9: =COUNTA(D9:M9) -> 0
A10: 5 | B10: ='Business processes'!B11 -> 0 | C10: ='Business processes'!H11 -> 0 | N10: =COUNTA(D10:M10) -> 0
A11: 6 | B11: ='Business processes'!B12 -> 0 | C11: ='Business processes'!H12 -> 0 | N11: =COUNTA(D11:M11) -> 0
A12: 7 | B12: ='Business processes'!B13 -> 0 | C12: ='Business processes'!H13 -> 0 | N12: =COUNTA(D12:M12) -> 0
A13: 8 | B13: ='Business processes'!B14 -> 0 | C13: ='Business processes'!H14 -> 0 | N13: =COUNTA(D13:M13) -> 0
A14: 9 | B14: ='Business processes'!B15 -> 0 | C14: ='Business processes'!H15 -> 0 | N14: =COUNTA(D14:M14) -> 0
A15: 10 | B15: ='Business processes'!B16 -> 0 | C15: ='Business processes'!H16 -> 0 | N15: =COUNTA(D15:M15) -> 0
